Map: Lost and Found LE

Players

soul

  • Race: Terran Terran
  • Spawn Location: 7:00

HeroMarine - Winner!

  • Race: Terran Terran
  • Spawn Location: 1:00

Event: WCS Austin 2018

VOD

Have the link to the VOD?

Description

Time

  • Played on: June 1, 2018, 11:08 p.m.
  • Length: 14:08

All games in this series

Show
View Real Time Build Order
Export as new Build Order

soul Terran 

Build Orders: Gas First Reaper Expand, Reaper Expand, Bio Tank, Banshee Rush 

Get SALT Encoding   

  12  0:00  SCV  
  13  0:13  SCV  
  14  0:16  Supply Depot  
  14  0:25  SCV  
  15  0:32  Refinery  
  15  0:38  SCV  
  16  0:44  Barracks  
  16  0:50  SCV  
  17  1:02  SCV  
  18  1:15  SCV  
  19  1:32  Orbital Command, Reaper  
  20  1:42  Command Center  
  20  1:52  Factory  
  20  1:58  SCV  
  21  2:02  Refinery  
  21  2:10  SCV  
  21  2:11  Barracks Reactor  
  21  2:15  Supply Depot  
  22  2:22  SCV  
  23  2:36  SCV  
  24  2:41  Starport  
  24  2:43  Hellion  
  26  2:46  Marine  
  26  2:47  Marine  
  26  2:48  SCV  
  29  2:54  Orbital Command  
  29  3:03  SCV  
  29  3:04  Marine x2  
  32  3:10  Factory Tech Lab  
  31  3:20  Orbital Command  
  31  3:22  Marine x2, SCV x2  
  35  3:34  Banshee, Cloaking Field  
  35  3:40  Cyclone, Marine  
  41  3:42  Orbital Command  
  41  3:43  SCV  
  41  3:47  Marine  
  44  3:54  Supply Depot  
  43  3:57  SCV  
  43  3:58  Marine  
  45  4:07  Marine  
  45  4:09  SCV  
  46  4:13  Supply Depot  
  46  4:15  SCV  
  46  4:16  Marine  
  48  4:17  Supply Depot  
  48  4:19  Banshee  
  48  4:21  SCV  
  49  4:27  Marine  
  49  4:28  Supply Depot, SCV  
  51  4:31  Factory Tech Lab  
  51  4:33  SCV  
  51  4:34  Marine  
  52  4:40  SCV  
  53  4:45  Marine  
  53  4:46  SCV  
  53  4:52  Marine, SCV  
  56  5:03  Marine  
  56  5:04  Banshee  
  56  5:06  SCV  
  61  5:10  Marine, SCV  
  63  5:18  SCV  
  64  5:22  SCV  
  64  5:26  Siege Tank  
  64  5:28  Command Center  
  69  5:30  SCV  
  69  5:34  SCV  
  72  5:39  Refinery  
  67  5:42  SCV  
  67  5:46  SCV  
  67  5:48  Starport Reactor, Barracks Tech Lab  
  69  5:50  Barracks  
  69  5:51  Barracks  
  69  5:55  SCV  
  70  5:59  SCV, Siege Tank  
  74  6:06  Engineering Bay  
  74  6:07  Engineering Bay, Refinery, SCV  
  74  6:08  Stimpack  
  74  6:09  Marine  
  76  6:19  Supply Depot  
  76  6:20  Supply Depot, SCV  
  76  6:21  SCV  
  78  6:35  Starport Reactor, Terran Infantry Weapons Level 1, Terran Infantry Armor Level 1  
  78  6:37  Supply Depot  
  78  6:39  Marine x2, SCV x2  
  82  6:40  Marine  
  80  6:47  Orbital Command  
  80  6:52  SCV x2  
  80  6:53  Marine x2  
  84  6:57  Marine  
  84  6:58  Siege Tank  
  88  7:01  Marine  
  88  7:04  SCV x2  
  88  7:07  Marine  
  92  7:08  Supply Depot  
  92  7:11  Marine x2  
  92  7:15  Marine  
  94  7:16  Medivac, SCV x2  
  94  7:19  Marine, SCV  
  100  7:25  Marine  
  100  7:28  SCV x2  
  100  7:29  Marine x2  
  105  7:31  SCV, Sensor Tower  
  105  7:33  Marine  
  105  7:37  Marine, Sensor Tower  
  103  7:40  SCV x2  
  103  7:43  Marine  
  107  7:46  Marine  
  107  7:47  Armory, Marine  
  107  7:49  Starport Reactor, Barracks x2  
  107  7:50  Marine, SCV  
  110  7:59  Refinery x2  
  110  8:01  Factory  
  110  8:04  Siege Tank  
  113  8:06  Marine x2  
  113  8:08  Marine  
  113  8:11  Combat Shields  
  116  8:19  Barracks Reactor  
  116  8:20  SCV x3  
  116  8:21  Medivac x2  
  116  8:24  Marine x2  
  116  8:26  Marine  
  125  8:29  Command Center  
  114  8:37  Marine  
  114  8:39  Marine  
  100  8:42  Marine x2  
  100  8:44  Marine  
  100  8:45  Siege Tank  
  102  8:51  Medivac  
  102  8:55  Marine x2  
  99  8:56  Medivac  
  99  8:57  Marine x2  
  99  8:59  Marine  
  99  9:00  Marine  
  99  9:02  Marine  
  103  9:05  Factory Tech Lab  
  103  9:06  SCV x2  
  103  9:07  Terran Infantry Weapons Level 2  
  103  9:09  Terran Infantry Armor Level 2  
  104  9:11  SCV  
  104  9:12  Marine  
  104  9:13  Marine  
  104  9:14  Supply Depot  
  104  9:15  Marine x2  
  109  9:17  Marine x2, Siege Tank  
  109  9:18  SCV x2  
  109  9:19  Marine  
  109  9:23  SCV  
  118  9:30  SCV x2  
  118  9:31  Marine  
  120  9:33  Marine  
  120  9:35  Marine x2, SCV  
  120  9:37  Marine  
  126  9:42  SCV  
  127  9:47  Barracks Reactor x2  
  127  9:48  Medivac x2, Marine  
  127  9:50  Marine  
  131  9:53  Marine x2  
  131  9:56  Refinery  
  131  9:57  Command Center, Sensor Tower  
  131  9:58  Sensor Tower  
  133  10:09  Supply Depot  
  133  10:10  Supply Depot  
  133  10:21  Terran Vehicle Weapons Level 1, SCV  
  133  10:25  Supply Depot  
  133  10:30  Marine x4  
  133  10:31  Marine x5, SCV x2, Siege Tank  
  133  10:34  Supply Depot  
  133  10:35  Supply Depot  
  147  10:42  Medivac  
  149  10:46  Medivac  
  149  10:47  Siege Tank  
  149  10:48  Marine x3  
  157  10:51  Supply Depot  
  157  10:52  Marine  
  157  10:53  Marine x5  
  157  10:56  Supply Depot  
  157  11:03  Siege Tank  
  160  11:06  Marine x3  
  160  11:09  Marine  
  160  11:10  Marine x5  
  166  11:11  Medivac  
  166  11:12  Planetary Fortress  
  166  11:15  Supply Depot  
  167  11:24  Marine x3  
  170  11:28  Marine x5  
  174  11:43  Marine  
  174  11:46  Marine  
  171  11:48  Marine  
  171  11:51  Marine  
  171  11:53  Marine x5  
  129  12:01  Marine  
  129  12:04  Marine  
  129  12:06  Marine  
  125  12:09  Marine  
  125  12:11  Marine x5  
  124  12:19  Marine  
  124  12:22  Marine  
  117  12:24  Marine  
  117  12:26  Marine  
  117  12:28  Marine  
  117  12:29  Marine x4  
  124  12:32  Barracks  
  124  12:35  Barracks, Sensor Tower  
  124  12:36  Siege Tank  
  124  12:37  Marine  
  124  12:39  Barracks, Marine  
  124  12:42  Marine  
  124  12:43  Siege Tank  
  123  12:44  Marine  
  123  12:46  Marine x5  
  125  12:55  Marine  
  125  12:57  Marine  
  122  12:59  Marine  
  122  13:02  Marine  
  122  13:04  Marine x5  
  126  13:08  Medivac, Siege Tank  
  128  13:12  Marine  
  128  13:15  Marine  
  128  13:16  Siege Tank  
  128  13:17  Marine  
  131  13:20  Marine  
  131  13:22  Marine x5  
  137  13:29  Marine x3  
  137  13:30  Marine  
  137  13:33  Marine  
  141  13:35  Marine  
  141  13:38  Marine  
  141  13:40  Marine x5  
  151  13:47  Marine x3  
  151  13:48  Marine  
Show
View Real Time Build Order
Export as new Build Order

HeroMarine Terran - Winner!

Build Orders: Cyclone Opening, Bio Tank 

Get SALT Encoding   

  12  0:00  SCV  
  13  0:12  SCV  
  14  0:17  Supply Depot  
  14  0:25  SCV  
  15  0:30  Refinery  
  15  0:38  SCV  
  16  0:43  Barracks  
  16  0:50  SCV  
  16  0:54  Refinery  
  17  1:02  SCV  
  18  1:14  SCV  
  19  1:30  Orbital Command  
  19  1:32  Factory  
  19  1:33  Reaper  
  20  1:46  Supply Depot  
  20  1:55  SCV  
  21  2:05  Reaper  
  21  2:07  SCV  
  23  2:16  Hellion  
  23  2:19  SCV  
  26  2:26  Command Center  
  26  2:31  SCV  
  27  2:39  Cyclone  
  30  2:45  Starport  
  30  2:47  SCV  
  31  2:52  Supply Depot  
  31  2:56  Barracks Reactor  
  31  3:14  Cyclone, SCV  
  35  3:26  SCV  
  36  3:28  Medivac  
  38  3:38  SCV  
  38  3:41  Orbital Command  
  39  3:50  SCV  
  39  3:52  Factory Tech Lab  
  39  3:53  Marine x2  
  42  3:58  Viking  
  44  4:03  SCV  
  44  4:09  SCV  
  46  4:11  Marine x2  
  46  4:12  Supply Depot, Siege Tank  
  51  4:22  SCV  
  52  4:24  SCV  
  52  4:28  Command Center  
  52  4:31  Starport Tech Lab  
  52  4:34  SCV  
  52  4:36  SCV  
  54  4:39  Marine x2  
  54  4:40  Engineering Bay  
  56  4:48  SCV x2  
  58  4:54  Siege Tank  
  58  4:57  Marine x2  
  59  5:01  SCV x2  
  60  5:13  SCV x2  
  61  5:17  Raven, Missile Turret  
  61  5:19  Marine x2, Missile Turret  
  61  5:25  SCV  
  62  5:31  SCV  
  60  5:37  SCV  
  61  5:43  SCV  
  61  5:44  Marine  
  64  5:50  SCV  
  64  5:52  Siege Tank  
  64  5:55  SCV  
  68  6:00  Refinery, Barracks x2  
  68  6:02  Refinery, SCV  
  69  6:06  Orbital Command  
  69  6:07  SCV  
  69  6:08  Starport Reactor  
  70  6:14  SCV  
  72  6:19  SCV  
  72  6:22  Engineering Bay  
  71  6:26  SCV  
  71  6:30  Marine  
  71  6:31  SCV  
  71  6:32  Stimpack, SCV  
  75  6:38  SCV  
  76  6:43  SCV  
  76  6:45  Orbital Command  
  77  6:48  Marine  
  77  6:50  SCV  
  78  6:55  SCV  
  78  7:00  Barracks x2  
  79  7:01  Supply Depot  
  79  7:02  Starport Reactor, SCV  
  79  7:03  Supply Depot  
  79  7:04  Terran Infantry Weapons Level 1, Terran Infantry Armor Level 1  
  79  7:07  SCV  
  81  7:13  Marine x2  
  81  7:14  Marine x2  
  85  7:22  Marine, Missile Turret  
  85  7:23  SCV x3  
  87  7:34  Siege Tank  
  87  7:35  SCV x3  
  91  7:37  Marine x2  
  91  7:39  Marine x2  
  91  7:42  Medivac x2  
  99  7:47  SCV x2  
  99  7:51  Refinery x2  
  101  7:52  Supply Depot  
  101  7:53  Supply Depot  
  101  7:54  SCV  
  101  7:57  Barracks Reactor x2  
  102  7:59  SCV x2  
  102  8:02  Marine x2  
  102  8:03  Marine  
  102  8:04  Marine  
  108  8:06  SCV  
  109  8:13  Medivac x2, Marine, SCV x2  
  109  8:19  Marine  
  113  8:20  Marine x2, Siege Tank  
  113  8:22  Marine  
  120  8:31  Marine  
  120  8:32  Combat Shields  
  116  8:34  Marine  
  116  8:35  Marine x2  
  116  8:37  Marine  
  116  8:38  Marine x2  
  116  8:40  Marine  
  116  8:41  Marine  
  111  8:48  SCV x3  
  114  8:49  Marine  
  114  8:52  Marine, Siege Tank  
  114  8:53  Marine x2  
  119  8:56  Marine x2  
  119  9:00  SCV  
  119  9:01  Factory  
  119  9:02  Armory, Marine  
  123  9:10  Medivac  
  123  9:14  Marine x2  
  123  9:15  Supply Depot  
  123  9:16  Supply Depot  
  124  9:28  Siege Tank  
  125  9:32  Command Center  
  125  9:36  Medivac, Marine x6, Sensor Tower  
  125  9:37  Marine x2  
  135  9:40  Medivac  
  135  9:45  Marine  
  138  9:48  Factory Tech Lab  
  138  9:53  Terran Infantry Weapons Level 2, Terran Infantry Armor Level 2  
  138  9:54  Marine x3, Terran Vehicle Weapons Level 1  
  138  9:59  Supply Depot  
  141  10:02  Supply Depot, Marine x4  
  141  10:03  Supply Depot  
  141  10:06  Medivac  
  147  10:17  Marine x2  
  147  10:18  Supply Depot x2  
  147  10:21  Marine, Siege Tank x2  
  152  10:25  SCV x3  
  152  10:26  Marine x2  
  152  10:27  Marine  
  159  10:35  Marine  
  159  10:36  Marine x2  
  159  10:37  Marine  
  162  10:43  Marine x2  
  162  10:49  Planetary Fortress  
  164  10:53  Siege Tank, Missile Turret  
  164  10:54  Marine x2, Missile Turret  
  164  10:55  Marine, Missile Turret  
  164  10:56  Marine  
  166  11:01  SCV  
  166  11:02  SCV x2  
  169  11:05  Marine x3  
  169  11:06  Marine x2  
  174  11:22  Siege Tank  
  174  11:23  SCV x2  
  174  11:25  Medivac x2, Siege Tank  
  180  11:49  Marine x3  
  180  11:51  Terran Vehicle Weapons Level 2  
  180  11:52  Marine x2  
  180  11:53  Marine  
  159  11:56  Marine x3  
  159  11:58  Siege Tank  
  165  12:05  Barracks  
  165  12:06  Barracks x2, Liberator  
  165  12:07  Liberator, Marine x3  
  147  12:10  Marine x2  
  147  12:15  Marine x2  
  146  12:17  Marine x2  
  146  12:21  Siege Tank  
  142  12:25  Marine x3  
  142  12:27  Marine x2  
  153  12:33  Marine x2  
  153  12:35  Marine x2  
  153  12:42  Siege Tank  
  153  12:43  Marine x3  
  153  12:45  Marine x2  
  153  12:50  Liberator, Marine  
  153  12:51  Marine  
  154  12:52  Marine x2  
  154  12:53  Marine x3, Siege Tank  
  154  12:57  Liberator  
  158  13:00  Marine  
  158  13:01  Marine x2  
  158  13:03  Marine x2  
  163  13:08  Marine x2  
  163  13:10  Marine x2  
  163  13:11  Marine x3  
  171  13:14  Siege Tank  
  171  13:18  Marine x3  
  180  13:21  Marine x2  
  180  13:25  Siege Tank  
  180  13:26  Marine x2  
  187  13:27  Marine  
  187  13:28  Marine  
  187  13:29  Marine x3  
  190  13:36  Marine x3  
  190  13:39  Marine x2  
  195  13:44  Marine x2  
  195  13:45  Marine x2  
  195  13:46  Marine  
  195  13:47  Marine x2  
Tags
 
Add a new tag
Caveats
  • Supply blocks, unpowered buildings, or Contaminate may cause inaccurate times.
  • Supply counts are checked every 10 seconds.